 Dungeon Crawl Stone Soup version 0.16.2-2-g470672f (webtiles) character file.

4146 Mizura the Shield-Bearer (level 10, -2/79 HPs)
             Began as a Human Fighter on Aug 20, 2015.
             Slain by a six-headed hydra (12 damage)
             ... on level 11 of the Dungeon.
             The game lasted 01:21:05 (5967 turns).

Mizura the Shield-Bearer (Human Fighter)            Turns: 5967, Time: 01:21:07

Health: -2/79      AC:  9    Str: 19    XL:     10   Next: 52%
Magic:  10/10      EV: 12    Int:  9    God:    Xom [...*..]
Gold:   231        SH: 11    Dex: 13    Spells: 0 memorised, 9 levels left

rFire  . . .     SeeInvis .     v - +11 falchion "Jikkites" {elec, rElec}
rCold  . . .     Clarity  +     E - +1 ring mail
rNeg   . . .     SustAb   .     c - +0 shield
rPois  +         Gourm    +     (no helmet)
rElec  +         Spirit   .     O - +0 cloak
rCorr  .         Warding  .     m - +0 pair of gloves
rMut   .         Stasis   .     (no boots)
MR     .....                    C - amulet of the gourmand
Stlth  ++........               (no ring)
                                q - ring of poison resistance

@: about to teleport, not resistant to hostile enchantments, unstealthy
A: clarity
a: Renounce Religion


You were on level 11 of the Dungeon.
You worshipped Xom.
You were a favourite toy of Xom.
You were not hungry.

You visited 1 branch of the dungeon, and saw 11 of its levels.

You collected 321 gold pieces.
You spent 90 gold pieces at shops.

Inventory:

Hand weapons
 a - a +3 long sword
 e - a +2 hand axe of flaming
 g - a +0 rapier
 i - a +0 hunting sling
 n - a +1 short sword of venom
 v - the +11 falchion "Jikkites" (weapon) {elec, rElec}
   (You found it on level 5 of the Dungeon)

   Occasionally, upon striking a foe, it will discharge some electrical energy
   and cause terrible harm.
   It insulates you from electricity.
 J - a +0 quarterstaff
 N - a +4 quarterstaff of chaos
Missiles
 k - 5 tomahawks (quivered)
Armour
 c - a +0 shield (worn)
 m - a +0 pair of gloves (worn)
 A - a +0 centaur barding
 E - a +1 ring mail (worn)
 H - a +0 cloak
 O - a +0 cloak (worn)
Jewellery
 q - a ring of poison resistance (left hand)
 C - an amulet of the gourmand (around neck)
Magical devices
 d - a wand of confusion (28)
 w - a wand of random effects (29)
 z - a wand of frost (29)
 K - a wand of lightning (8)
 M - a wand of fireball (4)
Scrolls
 f - a scroll of remove curse
 h - a scroll of noise
 j - 2 scrolls of teleportation
 y - 2 scrolls of random uselessness
 I - a scroll of magic mapping
Potions
 b - 2 potions of ambrosia {unknown}
 s - a potion of brilliance
 t - a potion of agility {unknown}
Comestibles
 r - a bread ration
 x - a royal jelly
 L - 2 slices of pizza
 Q - 5 fruits


   Skills:
 + Level 7.1 Fighting
 + Level 1.9(2.8) Short Blades
 + Level 3.2(3.4) Long Blades
 + Level 4.9 Axes
 + Level 0.2 Throwing
 + Level 6.2 Armour
 + Level 6.0 Dodging
 + Level 3.3 Stealth
 + Level 7.9 Shields
 + Level 0.2 Evocations


You had 9 spell levels left.
You didn't know any spells.

Dungeon Overview and Level Annotations

Branches:
Dungeon (11/15)
 Temple: D:4-7         Lair: D:8-11         Orc: D:9-12

Altars:
Gozag
Xom
Zin

Shops:
D:5 ?


Innate Abilities, Weirdness & Mutations

You possess an exceptional clarity of mind.


Message History

The six-headed hydra bites you but does no damage.
The six-headed hydra bites you!
* * * LOW HITPOINT WARNING * * *
The six-headed hydra closely misses you.
You block the six-headed hydra's attack. x3
The yak gores your crimson imp. You block the yak's attack.
The yak gores you but does no damage.
Your crimson imp blinks!
Your white imp closely misses the orc wizard.
Your iron imp hits the yak!
An orc comes into view.
You hit the yak.
The yak is lightly wounded.
The six-headed hydra barely misses you. The six-headed hydra bites you.
* * * LOW HITPOINT WARNING * * *
The six-headed hydra bites you!
* * * LOW HITPOINT WARNING * * *
The six-headed hydra bites you!
You die...
Xom snickers!

..! ...
.....# #...
#....##
#.5.##....)+
#.....[....#
#.....=....#
#.........#
#.....Y...#
#...D@Y.Y.+
#...##.ยง5.#
#...##5####
#.....55..+
#>(...5...#
#...##o5..##
##+###o....#
#...##o...##
#...##.....#


You could see a six-headed hydra, 3 yaks, an orc wizard, 2 orcs, a friendly iron
imp, 2 friendly crimson imps, 2 friendly white imps, a friendly shadow imp and a
friendly ufetubus.

Vanquished Creatures
  Erolcha (D:10)
  Maurice (D:10)
  The ghost of demonpo the Poker, an experienced HuCK of Xom (D:4)
  A deep elf mage (D:10)
  Menkaure (D:7)
  2 ice beasts
  3 ogres
  2 phantoms
  2 sky beasts
  4 centaurs
  A brain worm (D:9)
  5 giant frogs
  A wyvern skeleton (D:11)
  2 scorpions
  3 wights (D:7)
  A wasp zombie (D:9)
  3 crimson imps
  A jelly (D:7)
  An orc priest (D:4)
  Crazy Yiuf (D:7)
  3 centaur skeletons
  2 hounds
  An iguana (D:4)
  A giant frog skeleton (D:6)
  3 orc wizards
  4 worker ants
  A hound skeleton (D:5)
  3 gnolls (D:4)
  4 adders
  A worker ant zombie (D:6)
  A shadow imp (D:7)
  A worm (D:2)
  An ooze (D:3)
  2 giant geckos
  10 orcs
  A bat skeleton (D:5)
  2 giant cockroaches
  10 goblins
  10 hobgoblins
  A quokka (D:6)
  2 ball pythons (D:1)
  9 bats
  A giant gecko zombie (D:5)
  5 giant newts
  4 jackals (D:9)
  8 kobolds
  A quokka skeleton (D:8)
  5 rats
  3 fungi (D:7)
137 creatures vanquished.

Vanquished Creatures (collateral kills)
  Joseph (D:7)
  A worker ant (D:7)
  A worker ant zombie (D:7)
3 creatures vanquished.

Vanquished Creatures (others)
  2 white imps
  An ufetubus (D:11)
  A jackal (D:10)
  A giant spore (D:10)
5 creatures vanquished.

Grand Total: 145 creatures vanquished

Notes
Turn   | Place    | Note
--------------------------------------------------------------
     0 | D:1      | Mizura, the Human Fighter, began the quest for the Orb.
     0 | D:1      | Reached XP level 1. HP: 18/18 MP: 1/1
   229 | D:1      | Reached XP level 2. HP: 17/24 MP: 2/2
   731 | D:2      | Reached XP level 3. HP: 19/29 MP: 3/3
  1319 | D:3      | Reached skill level 1 in Dodging
  1319 | D:3      | Reached XP level 4. HP: 32/36 MP: 4/4
  1431 | D:3      | Gained mutation: You possess an exceptional clarity of mind. [potion of beneficial mutation]
  1566 | D:4      | Noticed an ogre
  1581 | D:4      | Killed an ogre
  1581 | D:4      | Reached skill level 4 in Shields
  1581 | D:4      | Reached XP level 5. HP: 24/42 MP: 5/5
  1593 | D:4      | Reached skill level 1 in Short Blades
  1642 | D:4      | Reached XP level 6. HP: 28/48 MP: 6/6
  2145 | D:4      | Noticed demonpo's ghost (experienced HuCK)
  2177 | D:4      | Paralysed by demonpo's ghost for 2 turns
  2186 | D:4      | Paralysed by demonpo's ghost for 4 turns
  2193 | D:4      | Killed demonpo's ghost
  2193 | D:4      | Reached skill level 1 in Stealth
  2193 | D:4      | Reached skill level 5 in Shields
  2193 | D:4      | Reached XP level 7. HP: 31/55 MP: 3/7
  2613 | D:5      | Entered Level 5 of the Dungeon
  2681 | D:5      | Reached XP level 8. HP: 53/61 MP: 8/8
  2750 | D:5      | Got a twisted falchion
  2785 | D:5      | Reached skill level 5 in Armour
  2790 | D:5      | Found Sehih's Magic Scroll Shop.
  2821 | D:5      | Bought a scroll of enchant armour for 90 gold pieces
  2954 | D:5      | Reached skill level 5 in Fighting
  3166 | D:5      | Found a shimmering altar of Xom.
  3173 | D:5      | Became a worshipper of Xom of Malicious Giggling
  3202 | D:5      | XOM: potion effect (invisibility)
  3344 | D:6      | Reached skill level 6 in Shields
  3402 | D:6      | XOM: confuse monster(s)
  3405 | D:6      | XOM: divination: detect creatures
  3711 | D:6      | XOM: noise
  3908 | D:7      | XOM is BORED!
  3908 | D:7      | XOM: mild Necr miscast
  3956 | D:7      | Noticed Joseph
  3963 | D:7      | XOM: summons friendly white imp
  3964 | D:7      | Reached XP level 9. HP: 29/68 MP: 9/9
  3967 | D:7      | Killed Joseph
  4000 | D:7      | Noticed Menkaure
  4008 | D:7      | Killed Menkaure
  4130 | D:7      | XOM: harmless Necr miscast
  4198 | D:7      | Identified the +11 falchion "Jikkites" {elec, rElec} (You found it on level 5 of the Dungeon)
  4224 | D:7      | Found a glowing silver altar of Zin.
  4224 | D:7      | Found an opulent altar of Gozag.
  4267 | D:7      | XOM: silly message
  4301 | D:7      | Noticed Crazy Yiuf
  4307 | D:7      | Killed Crazy Yiuf
  4456 | D:8      | XOM: noise
  4566 | D:8      | XOM: cast spell 'Metabolic Englaciation'
  4764 | D:9      | XOM: polymorph ice beast -> brain worm
  4791 | D:9      | XOM: harmless Pois miscast
  4834 | D:9      | Reached skill level 7 in Shields
  4914 | D:9      | XOM: blink monster(s)
  4954 | D:9      | Reached skill level 1 in Long Blades
  4980 | D:10     | Entered Level 10 of the Dungeon
  4995 | D:10     | Noticed Erolcha
  5001 | D:10     | Killed Erolcha
  5001 | D:10     | Reached skill level 5 in Dodging
  5001 | D:10     | Reached XP level 10. HP: 47/76 MP: 10/10
  5144 | D:10     | Noticed Maurice
  5157 | D:10     | Killed Maurice
  5193 | D:10     | XOM: 3-stop teleportation journey
  5475 | D:10     | XOM: confuse monster(s)
  5504 | D:10     | Noticed a troll
  5527 | D:10     | XOM: polymorph wyvern -> golden eye
  5541 | D:10     | XOM: divination: magic mapping
  5750 | D:9      | XOM: silly message
  5834 | D:10     | XOM: cast spell 'Chain of Chaos'
  5948 | D:11     | XOM: vitrification
  5960 | D:11     | XOM: summons 10 friendly demons
  5961 | D:11     | Noticed a four-headed hydra
  5967 | D:11     | Slain by a six-headed hydra

Action                   |  1- 3 |  4- 6 |  7- 9 | 10-12 || total
-------------------------+-------+-------+-------+-------++-------
Melee: War axe           |    44 |    52 |    28 |       ||   124
       Short sword       |    42 |    81 |       |       ||   123
       Hand axe          |       |       |   204 |       ||   204
       Falchion          |       |       |    88 |    53 ||   141
Throw: Tomahawk          |       |     2 |     1 |       ||     3
Evoke: Wand              |       |       |     1 |       ||     1
  Use: Scroll            |     1 |     4 |    10 |     4 ||    19
       Potion            |     1 |     3 |     3 |       ||     7
 Stab: Invisible         |       |     1 |     9 |       ||    10
  Eat: Chunk             |     1 |       |     2 |       ||     3
       Bread ration      |       |     1 |       |       ||     1
       Meat ration       |       |       |     2 |       ||     2
       Pizza             |       |       |       |     1 ||     1
